 Dungeon Crawl Stone Soup version 0.26-a0-53-g45f243fec8 (console) character file.

Game seed: 15193330325108655402

7535 Morrissey the Thrower (level 10, -5/106 HPs)
             Began as a Troll Hunter on June 7, 2020.
             Was a Believer of Trog.
             Slain by an ettin
             ... wielding a +0 dire flail
              (35 damage)
             ... on level 12 of the Dungeon.
             The game lasted 00:26:31 (9684 turns).

Morrissey the Thrower (Troll Hunter)                Turns: 9684, Time: 00:26:32

Health: -5/106     AC:  6    Str: 23    XL:     10   Next: 96%
Magic:  9/9        EV: 12    Int:  7    God:    Trog [**....]
Gold:   208        SH:  0    Dex: 12    Spells: 9/9 levels left

rFire    + . .     SeeInvis +     - Unarmed
rCold    + . .     Gourm    +   (no shield)
rNeg     . . .     Faith    .   b - +0 robe
rPois    +         Spirit   .   (helmet restricted)
rElec    .         Reflect  .   V - scarf {rC+ rF+}
rCorr    .         Harm     .   (gloves unavailable)
MR       ++...                  (boots unavailable)
Stlth    +.........             x - amulet of regeneration
HPRegen  2.07/turn              l - ring of poison resistance
MPRegen  0.11/turn              p - ring of see invisible

@: berserk cooldown, regenerating (expiring), slowed, very slow
A: large, unfitting armour, claws 3, fast metabolism 3, gourmand, regeneration
1, shaggy fur 1, tough skin 3
a: Berserk, Trog's Hand, Renounce Religion


You were on level 12 of the Dungeon.
You worshipped Trog.
Trog was pleased with you.
You were very full.

You visited 1 branch of the dungeon, and saw 12 of its levels.
You also visited: Ossuary.

You collected 528 gold pieces.
You spent 320 gold pieces at shops.

Inventory:

Missiles
 c - 5 large rocks
 d - 2 throwing nets
 g - 4 atropa-tipped darts
 j - 174 stones (quivered)
 r - 23 poisoned darts
 R - 4 boomerangs
Armour
 b - a +0 robe (worn)
 V - a scarf of resistance (worn)
Jewellery
 l - a ring of poison resistance (left claw)
 m - a +6 ring of dexterity {unknown}
 p - a ring of see invisible (right claw)
 s - a +4 ring of protection
 u - a +6 ring of intelligence
 x - an amulet of regeneration (around neck)
 B - an uncursed ring of protection from fire
 K - an uncursed ring of positive energy {unknown}
 P - an uncursed ring of ice {unknown}
 Q - an uncursed ring of flight {unknown}
Wands
 w - a wand of digging (4)
 y - a wand of disintegration (40)
 A - a wand of random effects (20)
 F - a wand of clouds (21)
 G - a wand of flame (19)
 I - a wand of acid (10)
 O - a wand of polymorph (13)
 U - a wand of iceblast (16)
Scrolls
 e - 6 scrolls of remove curse
 h - 2 scrolls of enchant weapon
 n - 3 scrolls of blinking
 o - a scroll of random uselessness {unknown}
 v - 4 scrolls of magic mapping
 z - a scroll of immolation {unknown}
 C - 5 scrolls of teleportation
 N - a scroll of amnesia {unknown}
 W - a scroll of enchant armour {unknown}
Potions
 a - 3 potions of brilliance
 i - 3 potions of lignification
 k - 2 potions of haste
 q - 5 potions of curing
 t - 3 potions of resistance
 D - 2 potions of flight
 E - a potion of cancellation
 H - 3 potions of heal wounds
 J - 2 potions of might {unknown}
 L - 2 potions of ambrosia {unknown}
 M - 2 potions of mutation {unknown}
 S - 2 potions of berserk rage {unknown}
 T - a potion of degeneration {unknown}
Comestibles
 f - 14 rations


   Skills:
 * Level 8.4 Fighting
 * Level 9.7 Throwing
 + Level 5.9 Dodging
 - Level 0.3 Stealth
 + Level 6.7 Unarmed Combat


You had 9 spell levels left.
You didn't know any spells.
Your spell library was empty.

Dungeon Overview and Level Annotations

Branches:
Dungeon (12/15)            Temple (0/1) D:6            Lair (0/6) D:10
Ossuary (visited)
    Orc: D:9-12

Altars:
Ashenzari
Cheibriados
Dithmenos
Kikubaaqudgha
Makhleb
Qazlal
Ru
Trog
Uskayaw
Vehumet
Yredelemnul
Zin
The Shining One

Shops:
D:5 ?   D:6 :   D:9 *

Annotations:
D:5 2 runed translucent doors


Innate Abilities, Weirdness & Mutations

You are too large for most types of armour.
You have claws for hands.
Your metabolism is lightning-fast.
You like to eat raw meat.
Your natural rate of healing is unusually fast.
You are covered in fur. (AC +1)
You have extremely tough skin. (AC +3)


Message History

You claw the ettin!
The ettin is severely wounded.
The ettin closely misses you. The ettin hits you but does no damage.
The orc hits you but does no damage.
You barely miss the ettin.
The ettin is severely wounded.
You scratch the ettin.
The ettin is severely wounded.
The ettin barely misses you. The ettin misses you. The orc barely misses you.
You barely miss the ettin.
The ettin is severely wounded.
You claw the ettin!
The ettin is almost dead.
You are no longer berserk.
You are exhausted.
You feel yourself slow down.
The ettin hits you with a +0 dire flail!!!
* * * LOW HITPOINT WARNING * * *
The ettin hits you with a +0 dire flail!!
You die...

#.# ...
#.########.#
###)##.......###
##......oooo..[.#
#....##..%.....#
#..#.o#######....#
#..##.# .....
#...#o### ..o# #.#
##@.#


o.o #.#..C### oo #### . You could see an ettin and an orc.

Vanquished Creatures
  A hydra (D:11)
  A two-headed ogre (D:8)
  An orc knight (D:12)
  A hornet (D:11)
  2 hippogriffs (D:9)
  A spriggan (D:7)
  2 wraiths (Ossuary)
  5 yaks (D:10)
  A hungry ghost (D:7)
  A steam dragon (D:10)
  2 ice beasts
  3 ogres
  2 phantoms
  4 centaurs
  A big kobold (D:8)
  2 bullfrogs
  3 scorpions
  13 wights
  8 killer bees
  4 howler monkeys
  2 jellies
  An electric eel (D:7)
  4 crimson imps
  A bullfrog zombie (D:11)
  A hound (D:5)
  A centaur zombie (Ossuary)
  A quasit (D:12)
  Crazy Yiuf (D:7)
  2 bullfrog skeletons
  2 centaur skeletons
  3 iguanas
  An orc wizard (D:4)
  8 worker ants
  Natasha (thrice) (D:2)
  A hound zombie (D:7)
  A hound skeleton (D:4)
  18 adders
  2 shadow imps
  4 oozes
  An adder zombie (Ossuary)
  2 worms (D:2)
  A dart slug (D:2)
  5 leopard geckos
  7 orcs
  A ball python (D:3)
  8 giant cockroaches
  11 goblins
  10 hobgoblins
  3 jackals (D:4)
  3 kobolds
  6 quokkas
  A ball python skeleton (Ossuary)
  6 bats
  2 frilled lizards
  A hobgoblin zombie (Ossuary)
  A kobold zombie (Ossuary)
  A leopard gecko skeleton (D:8)
  A leopard gecko zombie (D:8)
  An orc skeleton (Ossuary)
  3 orc zombies (Ossuary)
  3 quokka skeletons
  A quokka zombie (D:6)
  12 rats
206 creatures vanquished.

Notes
Turn   | Place    | Note
-------+----------+-------------------------------------------
     0 | D:1      | Morrissey the Troll Hunter began the quest for the Orb.
     0 | D:1      | Reached XP level 1. HP: 19/19 MP: 0/0
    90 | D:1      | Reached XP level 2. HP: 28/28 MP: 1/1
   392 | D:1      | Reached XP level 3. HP: 35/35 MP: 2/2
   428 | D:1      | Reached skill level 1 in Unarmed Combat
   785 | D:2      | Reached skill level 4 in Throwing
   927 | D:2      | You fall into a shaft and drop 1 floor!
  1164 | D:3      | Reached XP level 4. HP: 29/44 MP: 3/3
  1353 | D:2      | Noticed Natasha
  1368 | D:2      | Killed Natasha
  1493 | D:2      | Noticed Natasha
  1497 | D:2      | Killed Natasha
  1497 | D:2      | Reached XP level 5. HP: 45/52 MP: 4/4
  1602 | D:2      | Noticed Natasha
  1615 | D:2      | Killed Natasha
  2805 | D:4      | Noticed an ogre
  2821 | D:4      | Killed an ogre
  2821 | D:4      | Reached XP level 6. HP: 48/61 MP: 5/5
  2984 | D:4      | Reached skill level 5 in Throwing
  3089 | D:4      | Found a glowing silver altar of Zin.
  3279 | D:4      | Reached XP level 7. HP: 70/70 MP: 6/6
  3906 | D:5      | Entered Level 5 of the Dungeon
  3906 | D:5      | Found a sacrificial altar of Ru.
  3912 | D:5      | Found a burning altar of Makhleb.
  3912 | D:5      | Found a snail-covered altar of Cheibriados.
  3914 | D:5      | Found a glowing golden altar of the Shining One.
  3917 | D:5      | Found a basalt altar of Yredelemnul.
  4133 | D:5      | Found Topseosu's Magic Scroll Shop.
  4147 | D:5      | Bought a scroll of blinking for 97 gold pieces
  4147 | D:5      | Bought a scroll of teleportation for 39 gold pieces
  4349 | D:5      | Reached skill level 6 in Throwing
  4374 | D:5      | Reached XP level 8. HP: 74/79 MP: 7/7
  4424 | D:5      | Found a runed translucent door.
  4442 | D:5      | Found a runed translucent door.
  4914 | D:6      | Reached skill level 5 in Fighting
  4938 | D:6      | Found a staircase to the Ecumenical Temple.
  5000 | D:6      | Found Piupt's Book Shop.
  5020 | D:6      | Found an ancient bone altar of Kikubaaqudgha.
  5092 | D:6      | Found a bloodstained altar of Trog.
  5247 | D:6      | Became a worshipper of Trog the Wrathful
  5715 | D:7      | Reached skill level 7 in Throwing
  5949 | D:7      | Reached XP level 9. HP: 79/89 MP: 8/8
  6071 | D:7      | Found a runed translucent door.
  6072 | D:7      | Noticed Crazy Yiuf
  6083 | D:7      | Killed Crazy Yiuf
  6552 | D:8      | Found a shattered altar of Ashenzari.
  6725 | D:8      | Reached * piety under Trog
  7063 | D:8      | Noticed a two-headed ogre
  7075 | D:8      | Killed a two-headed ogre
  7075 | D:8      | Reached skill level 8 in Throwing
  7075 | D:8      | Reached skill level 5 in Unarmed Combat
  7119 | D:8      | Found a sand-covered staircase.
  7201 | Ossuary  | Entered an ossuary
  7392 | Ossuary  | Reached skill level 5 in Dodging
  7621 | D:9      | Found a radiant altar of Vehumet.
  7624 | D:9      | Found a shadowy altar of Dithmenos.
  7627 | D:9      | Found a hide-covered altar of Uskayaw.
  7630 | D:9      | Found a stormy altar of Qazlal.
  7839 | D:9      | Reached XP level 10. HP: 40/102 MP: 9/9
  8085 | D:9      | Found Foudisk's Assorted Antiques.
  8093 | D:9      | Bought a glowing scarf for 184 gold pieces
  8636 | D:10     | Entered Level 10 of the Dungeon
  8685 | D:10     | Reached ** piety under Trog
  8975 | D:10     | Reached skill level 9 in Throwing
  9265 | D:10     | Found a staircase to the Lair.
  9477 | D:11     | Noticed a six-headed hydra
  9482 | D:11     | Killed a six-headed hydra
  9554 | D:11     | Paralysed by a hornet for 3 turns
  9569 | D:11     | Noticed an eight-headed hydra
  9662 | D:12     | Noticed an orc knight
  9677 | D:12     | Killed an orc knight
  9677 | D:12     | Noticed an ettin
  9684 | D:12     | Slain by an ettin

Illustrated notes

Levels and vault maps discovered:
D:1:      beargit_arrival_greenhouse, layout_basic
D:2:      layout_basic, uniq_natasha
D:3:      layout_basic, first_ration
D:4:      layout_layer_cave, old_standard_altar, wad_floor_pattern_2,
          minmay_unequal
D:5:      lemuel_insect_pit, layout_basic, minitemple, serial_shops, shop_statue
D:6:      layout_rooms, kennysheep_little_box, kennysheep_mini_moat,
          minmay_temple_entry_waves, serial_shops, shop
D:7:      layout_loops_ring, minivault_14, the_bakery, uniq_crazy_yiuf_cottage
D:8:      layout_basic, lemuel_round_altar, chequers_ossuary_entry_cave,
          corexii_checkpoint_a, minmay_radiant
D:9:      layout_gridville, grunt_temple_overflow_cloverleaf, serial_shops, shop
D:10:     layout_rooms, lair_entry_dummy
D:11:     layout_basic
D:12:     minmay_chopped_fan, layout_loops_cross, hiddenorc1_lemuel,
          serial_shops, kennysheep_mini, uniq_sonja, uniq_frances, uniq_psyche

Skill      XL: |  1  2  3  4  5  6  7  8  9 10 |
---------------+-------------------------------+-----
Fighting       | 2 3 4 5 7 8 |  8.4
Unarmed Combat | 1 2 3 4 5 6 |  6.7
Throwing       | 4 5 6 7 8 9 |  9.7
Dodging        | 2 3 4 5 |  5.9
Stealth        | |  0.3

Action                   |  1- 3 |  4- 6 |  7- 9 | 10-12 || total
-------------------------+-------+-------+-------+-------++-------
Melee: Short sword       |   128 |     5 |       |       ||   133
       Punch             |     1 |     2 |     5 |     6 ||    14
       Unarmed           |       |   116 |   267 |   146 ||   529
Throw: Stone             |    50 |    70 |   187 |    74 ||   381
       Dart              |       |    23 |    19 |       ||    42
       Large rock        |       |       |     1 |     5 ||     6
       Boomerang         |       |       |       |     4 ||     4
Invok: Berserk           |       |       |     1 |     2 ||     3
       Trog's Hand       |       |       |       |     1 ||     1
  Use: Scroll            |       |     1 |    11 |     2 ||    14
 Stab: Sleeping          |     1 |       |     5 |       ||     6
       Invisible         |       |       |     3 |       ||     3
  Eat: Chunk             |    16 |    20 |    27 |    23 ||    86
       Ration            |       |       |     5 |       ||     5
Armor: Robe              |    48 |    43 |    50 |    33 ||   174
Dodge: Dodged            |    62 |    55 |   118 |    90 ||   325

Table legend:
 A = Non-vault XP
 B = Vault XP
 C = Vault XP percentage of total XP
 D = Non-vault monster count
 E = Vault monster count
 F = Vault count percentage of total count
                 A         B        C        D         E       F
            +---------+---------+-------+---------+---------+-------
      Total |    8889 |    1876 |  17.4 |     181 |      25 |  12.1
            +---------+---------+-------+---------+---------+-------
        D:1 |      49 |       0 |   0.0 |      22 |       0 |   0.0
        D:2 |     141 |      35 |  19.9 |      24 |       1 |   4.0
        D:3 |      72 |       0 |   0.0 |      21 |       0 |   0.0
        D:4 |     437 |     127 |  22.5 |      17 |       3 |  15.0
        D:5 |     763 |       0 |   0.0 |      16 |       0 |   0.0
        D:6 |     171 |       0 |   0.0 |       6 |       0 |   0.0
        D:7 |    1123 |     256 |  18.6 |      18 |       2 |  10.0
        D:8 |    1276 |     133 |   9.4 |      12 |       4 |  25.0
        D:9 |     863 |       0 |   0.0 |      10 |       0 |   0.0
       D:10 |    2246 |       0 |   0.0 |      26 |       0 |   0.0
       D:11 |    1570 |       0 |   0.0 |       6 |       0 |   0.0
       D:12 |     178 |     737 |  80.5 |       3 |       2 |  40.0
    Ossuary |       0 |     588 | 100.0 |       0 |      13 | 100.0
            +---------+---------+-------+---------+---------+-------
